2115 views
Uploaded 2023-10-10 09:34:19
Game version 1.36 (6115)
19:23 long 1on1 ladder game on (4)TwistedMeadows_S2_v1.1
Saved by Sonnenschein
2115 views
Uploaded 2023-10-10 09:34:19
Game version 1.36 (6115)
19:23 long 1on1 ladder game on (4)TwistedMeadows_S2_v1.1

41 units @ 5.8k
/ 0.6k
27 buildings @ 4.1k
/ 1.9k


| Healing Salve | 6 | 600 |
| Lesser Clarity Potion | 3 | 210 |
| Scroll of Healing | 4 | 1000 |
| Scroll of Town Portal | 1 | 350 |
| total: | 14 | 2160g |
| Peon | 19 | 1425 | / | 0 |
| Grunt | 7 | 1400 | / | 0 |
| Raider | 7 | 1260 | / | 280 |
| Spirit Walker | 5 | 975 | / | 175 |
| Kodo Beast | 1 | 255 | / | 60 |
| Forest Troll Shadow Priest | 1 | 195 | / | 10 |
| Forest Troll Berserker | 1 | 245 | / | 30 |
| total: | 41 | 5755g | / | 555w |
| Watch Tower | 8 | 880 | / | 640 |
| Altar of Storms | 1 | 180 | / | 50 |
| Orc Burrow | 9 | 1440 | / | 360 |
| Barracks | 1 | 180 | / | 50 |
| Voodoo Lounge | 2 | 260 | / | 60 |
| War Mill | 1 | 205 | / | 0 |
| Great Hall | 1 | 385 | / | 185 |
| Tauren Totem | 2 | 270 | / | 310 |
| Beastiary | 2 | 290 | / | 280 |
| Stronghold | 1 | 315 | / | 190 |
| total: | 27 | 4090g | / | 1935w |
| 0:01 | Peon |
| 0:05 | Altar of Storms |
| 0:06 | Peon |
| 0:11 | Peon |
| 0:17 | Orc Burrow |
| 0:37 | Barracks |
| 0:41 | Peon |
| 0:52 | Peon |
| 1:12 | Peon |
| 1:24 | Voodoo Lounge |
| 1:32 | Peon |
| 1:40 | Grunt |
| 2:07 | Wind Walk |
| 2:33 | Stronghold |
| 2:55 | Orc Burrow |
| 3:00 | Healing Salve |
| 3:20 | Orc Burrow |
| 3:47 | Grunt |
| 4:15 | Grunt |
| 4:55 | Tauren Totem |
| 4:57 | Beastiary |
| 5:01 | Critical Strike |
| 6:01 | Raider |
| 6:02 | Ensnare |
| 6:08 | Spirit Walker |
| 6:08 | Spirit Walker Adept Training |
| 6:11 | Grunt |
| 6:12 | Healing Salve |
| 6:12 | Lesser Clarity Potion |
| 6:19 | Healing Salve |
| 6:22 | Hex |
| 6:51 | Orc Burrow |
| 7:05 | Raider |
| 7:09 | War Mill |
| 7:38 | Peon |
| 7:57 | Healing Wave |
| 8:05 | Raider |
| 8:06 | Spirit Walker |
| 8:32 | Critical Strike |
| 8:52 | Peon |
| 8:52 | Peon |
| 8:52 | Peon |
| 8:57 | Great Hall |
| 9:15 | Reinforced Defenses |
| 9:29 | Scroll of Healing |
| 9:34 | Scroll of Healing |
| 10:28 | Healing Wave |
| 10:51 | Watch Tower |
| 10:52 | Watch Tower |
| 11:09 | Healing Salve |
| 11:41 | Peon |
| 11:56 | Peon |
| 12:15 | Orc Burrow |
| 12:20 | Watch Tower |
| 12:42 | Watch Tower |
| 12:44 | Watch Tower |
| 12:48 | Raider |
| 12:49 | Grunt |
| 13:09 | Wind Walk |
| 13:15 | Spirit Walker |
| 13:31 | Peon |
| 13:33 | Voodoo Lounge |
| 13:36 | Watch Tower |
| 13:44 | Raider |
| 13:57 | Watch Tower |
| 13:59 | Peon |
| 14:00 | Peon |
| 14:05 | Grunt |
| 14:39 | Peon |
| 14:47 | Orc Burrow |
| 14:51 | Healing Salve |
| 14:51 | Healing Salve |
| 14:57 | Lesser Clarity Potion |
| 15:01 | Lesser Clarity Potion |
| 15:12 | Peon |
| 15:12 | Peon |
| 15:21 | Beastiary |
| 15:28 | Tauren Totem |
| 15:52 | Forest Troll Shadow Priest |
| 15:53 | Forest Troll Berserker |
| 16:08 | Watch Tower |
| 16:29 | Orc Burrow |
| 16:42 | Scroll of Healing |
| 16:42 | Scroll of Healing |
| 16:49 | Kodo Beast |
| 16:58 | Scroll of Town Portal |
| 17:18 | Raider |
| 17:22 | Orc Burrow |
| 17:24 | Orc Burrow |
| 17:34 | Grunt |
| 17:58 | Raider |
| 17:58 | Spirit Walker |
| 18:50 | Spirit Walker |
| 19:17 | Hex |
| Right click | 1564 |
| Select group | 1380 |
| Select | 549 |
| Build/train/purchase | 108 |
| Use ability | 75 |
| Assign group | 46 |
| Chat | 5 |
| Misc. action | 4 |
| Esc | 3 |
| Remove unit | 2 |
| Item give/drop | 1 |
32 units @ 4.1k
/ 0.5k
12 buildings @ 2.2k
/ 0.6k



| Healing Salve | 3 | 300 |
| Lesser Clarity Potion | 5 | 350 |
| Potion of Healing | 4 | 600 |
| Scroll of Speed | 1 | 50 |
| Scroll of Protection | 1 | 150 |
| total: | 14 | 1450g |
| Peon | 9 | 675 | / | 0 |
| Troll Headhunter | 8 | 1120 | / | 160 |
| Troll Berserker | 13 | 1820 | / | 260 |
| Forest Troll Berserker | 1 | 245 | / | 30 |
| Forest Troll Shadow Priest | 1 | 195 | / | 10 |
| total: | 32 | 4055g | / | 460w |
| Altar of Storms | 2 | 360 | / | 100 |
| Orc Burrow | 5 | 800 | / | 200 |
| Voodoo Lounge | 1 | 130 | / | 30 |
| War Mill | 1 | 205 | / | 0 |
| Barracks | 2 | 360 | / | 100 |
| Great Hall | 1 | 385 | / | 185 |
| Stronghold | 1 | 315 | / | 190 |
| Fortress | 1 | 325 | / | 190 |
| total: | 12 | 2240g | / | 615w |
| 0:00 | Peon |
| 0:02 | Altar of Storms |
| 0:05 | Peon |
| 0:10 | Peon |
| 0:14 | Orc Burrow |
| 0:33 | Peon |
| 0:41 | Peon |
| 0:53 | Voodoo Lounge |
| 0:57 | Peon |
| 1:17 | Peon |
| 1:37 | Peon |
| 1:55 | Stronghold |
| 2:03 | Healing Salve |
| 2:04 | Lesser Clarity Potion |
| 2:20 | War Mill |
| 2:37 | Barracks |
| 2:42 | Feral Spirit |
| 3:27 | Orc Burrow |
| 3:31 | Orc Burrow |
| 3:32 | Steel Ranged Weapons |
| 3:38 | Troll Headhunter |
| 4:00 | Troll Headhunter |
| 4:46 | Fortress |
| 5:05 | Chain Lighting |
| 5:09 | Troll Regeneration |
| 5:22 | War Stomp |
| 5:35 | Troll Headhunter |
| 5:38 | Potion of Healing |
| 6:01 | Troll Headhunter |
| 6:03 | Thorium Ranged Weapons |
| 6:18 | Barracks |
| 6:26 | Troll Headhunter |
| 6:48 | Troll Headhunter |
| 7:31 | Berserker Upgrade |
| 7:36 | Troll Headhunter |
| 7:41 | Endurance Aura |
| 7:50 | Orc Burrow |
| 8:05 | Troll Headhunter |
| 8:18 | Troll Berserker |
| 8:26 | Feral Spirit |
| 8:40 | Healing Salve |
| 8:40 | Healing Salve |
| 8:50 | Healing Wave |
| 8:52 | Troll Berserker |
| 8:57 | Potion of Healing |
| 9:04 | Scroll of Speed |
| 9:05 | Potion of Healing |
| 9:08 | Lesser Clarity Potion |
| 9:19 | Troll Berserker |
| 9:33 | Troll Berserker |
| 10:32 | Troll Berserker |
| 11:33 | Troll Berserker |
| 11:48 | Endurance Aura |
| 11:51 | Troll Berserker |
| 12:28 | Troll Berserker |
| 13:36 | Great Hall |
| 13:39 | Altar of Storms |
| 13:53 | Hex |
| 14:00 | Troll Berserker |
| 14:39 | Troll Berserker |
| 15:22 | Steel Armor |
| 15:46 | Lesser Clarity Potion |
| 15:49 | Lesser Clarity Potion |
| 16:15 | Peon |
| 16:22 | Potion of Healing |
| 16:22 | Lesser Clarity Potion |
| 16:28 | Forest Troll Berserker |
| 16:29 | Forest Troll Shadow Priest |
| 16:42 | Troll Berserker |
| 17:05 | Scroll of Protection |
| 17:23 | Troll Berserker |
| 17:28 | Burning Oil |
| 17:29 | Troll Berserker |
| 17:31 | Arcanite Ranged Weapons |
| 18:07 | Orc Burrow |
| 18:50 | Healing Wave |
| 19:04 | Chain Lighting |
| 19:14 | War Stomp |
| Right click | 1674 |
| Select | 587 |
| Select group | 215 |
| Build/train/purchase | 146 |
| Assign group | 45 |
| Chat | 33 |
| Misc. action | 32 |
| Use ability | 31 |
| Item give/drop | 5 |
| Remove unit | 3 |
โ